 Dungeon Crawl Stone Soup version 0.25.1-2-g60ff931df9 (webtiles) character file.

Game seed: 5121767989758367773

1311 Erymatos the Cleaver (level 8, -5/70 HPs)
             Began as a Minotaur Berserker on Nov 12, 2020.
             Was an Elder of Trog.
             Slain by an orc warrior
             ... wielding a +0 glaive
              (10 damage)
             ... on level 6 of the Dungeon.
             The game lasted 00:05:53 (4811 turns).

Erymatos the Cleaver (Minotaur Berserker)           Turns: 4811, Time: 00:05:53

Health: -5/70      AC:  8    Str: 23    XL:     8   Next: 32%
Magic:  7/7        EV: 13    Int:  4    God:    Trog [****..]
Gold:   278        SH:  0    Dex: 11    Spells: 7/7 levels left

rFire    . . .     SeeInvis .   a - +0 hand axe
rCold    + . .     Gourm    .   (no shield)
rNeg     . . .     Faith    .   u - +2 leather armour "Nuaggauch" {+Inv rC+ rCorr}
rPois    .         Spirit   .   (helmet restricted)
rElec    .         Reflect  .   o - +0 cloak
rCorr    +         Harm     .   h - +0 pair of gloves
MR       .....                  (no boots)
Stlth    ++........             (no amulet)
HPRegen  0.21/turn              (no ring)
MPRegen  0.10/turn              (no ring)

@: no status effects
A: retaliatory headbutt, horns 2
a: Berserk, Trog's Hand, Brothers in Arms, Renounce Religion, Evoke Invisibility


You were on level 6 of the Dungeon.
You worshipped Trog.
Trog was greatly pleased with you.
You were not hungry.

You visited 1 branch of the dungeon, and saw 6 of its levels.

You collected 278 gold pieces.

Inventory:

Hand Weapons
 a - a +0 hand axe (weapon)
 t - a +0 broad axe
Armour
 b - a +0 animal skin
 h - a +0 pair of gloves (worn)
 m - a +0 ring mail
 o - a +0 cloak (worn)
 u - the +2 leather armour "Nuaggauch" (worn) {+Inv rC+ rCorr}
   (You found it on level 4 of the Dungeon)

   It protects you from cold.
   It lets you turn invisible.
   It provides partial protection from all sources of acid and corrosion.
Jewellery
 q - an uncursed ring of fire {unknown}
Wands
 s - a wand of acid (8)
 v - a wand of flame (12)
Scrolls
 d - 3 scrolls of teleportation {unknown}
 e - 5 scrolls of remove curse {unknown}
 g - 5 scrolls of identify {unknown}
 j - a scroll of fog {unknown}
 n - 3 scrolls of enchant weapon {unknown}
 p - a scroll of random uselessness {unknown}
 x - a scroll of noise {unknown}
Potions
 f - 2 potions of mutation {unknown}
 i - 2 potions of haste {unknown}
 k - a potion of resistance {unknown}
 l - a potion of degeneration {unknown}
 r - a potion of brilliance {unknown}
Comestibles
 c - 12 rations
 w - 12 chunks of flesh


   Skills:
 + Level 6.2 Fighting
 + Level 8.7 Axes
 + Level 5.3 Armour
 + Level 4.7 Dodging
 + Level 2.5 Stealth


You had 7 spell levels left.
You didn't know any spells.
Your spell library was empty.

Dungeon Overview and Level Annotations

Branches:
Dungeon (6/15)
 Temple: D:4-7

Altars:
Hepliaklqana
Makhleb
Okawaru
Trog
Uskayaw
Wu Jian
Zin
The Shining One

Annotations:
D:4 1 runed translucent door, chickendinner's ghost, amateur DrBe


Innate Abilities, Weirdness & Mutations

You reflexively headbutt those who attack you in melee.
You have a pair of horns on your head.


Message History

You hit the orc warrior but do no damage.
Your headbutt misses the orc warrior.
The orc warrior is lightly wounded.
The orc warrior hits you but does no damage.
You closely miss the orc warrior.
The orc warrior is lightly wounded.
Unknown command.
You hit the orc warrior but do no damage.
The orc warrior is lightly wounded.
The orc warrior hits you with a +0 glaive!
* * * LOW HITPOINT WARNING * * *
You hit the orc warrior. Your headbutt misses the orc warrior.
The orc warrior is moderately wounded.
The orc warrior closely misses you.
You barely miss the orc warrior.
The orc warrior is moderately wounded.
You hit the orc warrior. You headbutt the orc warrior.
The orc warrior is moderately wounded.
The orc warrior hits you with a +0 glaive!
You die...

#### ... ## .. .#
#.#.## #.o..# #@#.#
# #)).####.#
##########.......##
#..................
#..#...####...####
#.#...##...#.#
#........###.#
##.....### #
#....##


You could see an orc warrior.

Vanquished Creatures
  Pikel (D:5)
  2 scorpions
  A vampire bat (D:5)
  A howler monkey (D:6)
  2 crimson imps
  A centaur zombie (D:5)
  A hound (D:4)
  A bullfrog skeleton (D:5)
  3 iron imps (D:5)
  An orc wizard (D:3)
  An iguana (D:6)
  4 worker ants
  3 gnolls (D:4)
  8 adders
  2 adder skeletons
  2 worms
  4 dart slugs
  3 fire bats (D:5)
  3 leopard geckos
  13 orcs
  2 spectral bats (D:5)
  3 bat skeletons (D:5)
  A bat zombie (D:5)
  3 giant cockroaches
  3 goblins
  10 hobgoblins
  6 jackals
  5 kobolds
  3 quokkas
  3 ball pythons
  15 bats
  A bat simulacrum (D:5)
  3 frilled lizards
  A quokka zombie (D:6)
  5 rats
121 creatures vanquished.

Notes
Turn   | Place    | Note
-------+----------+-------------------------------------------
     0 | D:1      | Erymatos the Minotaur Berserker began the quest for the
                  | Orb.
     0 | D:1      | Reached XP level 1. HP: 19/19 MP: 0/0
   285 | D:1      | Reached skill level 4 in Axes
   285 | D:1      | Reached XP level 2. HP: 22/27 MP: 1/1
   858 | D:2      | Reached XP level 3. HP: 19/33 MP: 2/2
  1149 | D:2      | Found an iron altar of Okawaru.
  1350 | D:2      | Reached ** piety under Trog
  1512 | D:3      | Reached XP level 4. HP: 33/41 MP: 3/3
  1519 | D:3      | Reached skill level 5 in Axes
  1797 | D:3      | Reached skill level 1 in Stealth
  1861 | D:3      | Reached XP level 5. HP: 47/47 MP: 4/4
  2294 | D:3      | Reached *** piety under Trog
  2368 | D:3      | Found a bloodstained altar of Trog.
  2512 | D:4      | Noticed chickendinner's ghost (amateur DrBe)
  2515 | D:4      | Found a runed translucent door.
  2868 | D:4      | Got a faintly glowing leather armour
  2879 | D:4      | Identified the +2 leather armour "Nuaggauch" {+Inv rC+
                  | rCorr} (You found it on level 4 of the Dungeon)
  2940 | D:4      | Found a glowing silver altar of Zin.
  2943 | D:4      | Found a glowing golden altar of the Shining One.
  2946 | D:4      | Found a hazy altar of Hepliaklqana.
  2949 | D:4      | Found a hide-covered altar of Uskayaw.
  3005 | D:4      | Reached skill level 6 in Axes
  3005 | D:4      | Reached XP level 6. HP: 42/55 MP: 5/5
  3261 | D:4      | Reached skill level 5 in Fighting
  3609 | D:5      | Entered Level 5 of the Dungeon
  3742 | D:5      | Found an ornate altar of the Wu Jian Council.
  3829 | D:5      | Found a burning altar of Makhleb.
  3963 | D:5      | Reached XP level 7. HP: 61/61 MP: 6/6
  3985 | D:5      | Reached skill level 7 in Axes
  4050 | D:5      | Reached **** piety under Trog
  4224 | D:5      | Noticed Pikel
  4235 | D:5      | Killed Pikel
  4235 | D:5      | Reached skill level 8 in Axes
  4235 | D:5      | Reached skill level 5 in Armour
  4235 | D:5      | Reached XP level 8. HP: 65/70 MP: 7/7
  4811 | D:6      | Slain by an orc warrior

Illustrated notes

Levels and vault maps discovered:
D:1:      psy_arrival_terrarium, layout_loops_ring
D:2:      layout_basic, lemuel_round_altar, first_ration, lemuel_old_faithful
D:3:      layout_loops_ring, nicolae_overflow_crystal_walls, minmay_bisected
D:4:      layout_basic, grunt_temple_overflow_cloverleaf,
          hellmonk_ghost_happy_afterlife, lemuel_flame_loot_1
D:5:      layout_basic, demons_altar, kennysheep_mini_moat, enter_ossuary_2,
          goddamned_bats, uniq_crazy_yiuf_cottage, uniq_pikel
D:6:      layout_rooms, minmay_temple_entry_trees

Skill      XL: |  1  2  3  4  5  6  7 |
---------------+----------------------+-----
Axes           | 4 5 6 8 |  8.7
Fighting       | 4 5 6 |  6.2
Stealth        | 1 2 |  2.5
Dodging        | 3 4 |  4.7
Armour         | 3 4 5 |  5.3

Action                   |  1- 3 |  4- 6 |  7- 9 || total
-------------------------+-------+-------+-------++-------
Melee: Hand axe          |    72 |   144 |    78 ||   294
       Headbutt          |    10 |    32 |    13 ||    55
 Stab: Sleeping          |     1 |     1 |     2 ||     4
       Distracted        |       |       |     1 ||     1
  Eat: Chunk             |     1 |     8 |     3 ||    12
Armor: Animal skin       |     9 |       |       ||     9
       Ring mail         |     5 |    23 |       ||    28
       Leather armour    |       |    12 |    27 ||    39
Dodge: Dodged            |    46 |    95 |    57 ||   198
